 Dungeon Crawl Stone Soup version 0.30-a0-168-g0b976cbdc4 (webtiles) character file.

Game seed: 1869482172051774868

6 drugrobin the Sneak (level 1, -2/18 HPs)
             Began as a Demigod Delver on Sept 29, 2022.
             Slain by an adder (3 damage)
             ... on level 5 of the Dungeon.
             The game lasted 00:02:12 (494 turns).

drugrobin the Sneak (Demigod Delver)                 Turns: 494, Time: 00:02:13

Health: -2/18      AC:  3    Str: 13    XL:     1   Next: 60%
Magic:  3/3        EV: 11    Int: 12    God:
Gold:   10         SH:  0    Dex: 15    Spells: 0/0 levels left

rFire   . . .      SeeInvis .    a - +0 short sword
rCold   . . .      Faith    .    (no shield)
rNeg    . . .      Spirit   .    b - +0 leather armour
rPois   .          Reflect  .    (no helmet)
rElec   .          Harm     .    (no cloak)
rCorr   .          Rampage  .    (no gloves)
Will    .....                    (no boots)
Stlth   +++.......               (no amulet)
HPRegen 0.06/turn                (no ring)
MPRegen 0.08/turn                (no ring)

@: lethally poisoned (-2 -> -6), hasted (expiring), very quick
A: high MP 1, forlorn, divine attributes
a: no special abilities


You were on level 5 of the Dungeon.
You visited 1 branch of the dungeon, and saw 2 of its levels.

You collected 10 gold pieces.

Inventory:

Hand Weapons
 a - a +0 short sword (weapon)
Missiles
 i - 3 poisoned darts
 j - 16 stones (quivered)
Armour
 b - a +0 leather armour (worn)
 l - a +0 scale mail
Wands
 g - a wand of digging (3)
Scrolls
 c - a scroll of fog
 d - a scroll of magic mapping
 e - a scroll of fear
 h - 2 scrolls of identify {unknown}
 k - a scroll of enchant armour {unknown}
Potions
 f - a potion of haste


   Skills:
 - Level 2.6 Fighting
 + Level 2.3 Short Blades
 - Level 1.7 Dodging
 - Level 4.5 Stealth


You couldn't memorise any spells.
You didn't know any spells.
Your spell library was empty.

Dungeon Overview and Level Annotations

Branches:
Dungeon (5/15)             Temple (0/1) D:4

Annotations:
D:4 exclusion: phantom


Innate Abilities, Weirdness & Mutations

You have an increased reservoir of magic. (+10% MP)
You shall have no god before yourself.
Your divine heritage dramatically boosts your attributes as you level up.


Message History

You climb downwards.
There is a stone staircase leading up here.
You completely miss the adder. The adder closely misses you.
You closely miss the adder. You barely miss the adder. The adder bites you.
You closely miss the adder. The adder misses you.
You closely miss the adder. The adder bites you.
You closely miss the adder. The adder bites you.
You completely miss the adder. You closely miss the adder. The adder bites you.
You barely miss the adder. The adder bites you.
You hit the adder.
The adder is moderately wounded.
You closely miss the adder.
The adder is moderately wounded.
The adder closely misses you.
You closely miss the adder.
The adder is moderately wounded.
The adder bites you.
You miss the adder.
The adder is moderately wounded.
The adder bites you but does no damage.
You miss the adder. Your punch misses the adder.
The adder is moderately wounded.
You barely miss the adder.
The adder is moderately wounded.
The adder bites you.
You are lethally poisoned!
The adder poisons you!
You closely miss the adder.
The adder is moderately wounded.
* * * LOW HITPOINT WARNING * * *
You feel sick. The adder bites you.
* * * LOW HITPOINT WARNING * * *
You miss the adder.
The adder is moderately wounded.
Your extra speed is starting to run out.
* * * LOW HITPOINT WARNING * * *
You feel sick. The adder bites you.
You die...

.............
#............
#............
#............
####...........!
..(.............
######............
#@S........$.....)
######............
#..........[.
#............
#.......<....
#............
#............
#............
#............


You could see an adder.

Vanquished Creatures
  An orc (D:4)
  An endoplasm (D:4)
  A hobgoblin (D:4)
  A quokka (D:4)
4 creatures vanquished.

Notes
Turn   | Place    | Note
-------+----------+-------------------------------------------
     0 | D:5      | drugrobin the Demigod Delver began the quest for the Orb.
     0 | D:5      | Reached XP level 1. HP: 18/18 MP: 3/3
     5 | D:5      | Noticed a hound
    11 | D:5      | Noticed an ogre
   413 | D:4      | Found a staircase to the Ecumenical Temple.
   420 | D:4      | Noticed a phantom
   440 | D:4      | Noticed an orc priest
   446 | D:4      | Noticed an orc wizard
   494 | D:5      | Slain by an adder

Illustrated notes

Levels and vault maps discovered:
D:4:      layout_loops_cross, minmay_temple_entry_waves,
          dreamdust_princess_corridor, kennysheep_generic_room_10
D:5:      layout_basic, slow_altar_1, lemuel_crystal_altar,
          lightli_church_of_beogh, uniq_menkaure, uniq_sigmund

Skill      XL: |  1 |
---------------+----+-----
Short Blades   | 2 |  2.3
Fighting       | |  2.6
Dodging        | |  1.7
Stealth        | |  4.5

Action                   || total
-------------------------++-------
Melee: Short sword       ||    53
  Use: Potion            ||     1
 Stab: Sleeping          ||     2
Armor: Leather armour    ||     8
Dodge: Dodged            ||    18

Table legend: (Time is in decaauts)
 A = Elapsed time spent in this place.
 B = Non-inter-level travel time spent in this place.
 C = Inter-level travel time spent in this place.
 D = Time resting spent in this place.
 E = Time spent auto-exploring this place.
 F = Levels seen in this place.
 G = Mean time per level.
                   A        B        C        D        E       F      G
               +--------+--------+--------+--------+--------+-----+--------+
         Total |    471 |    471 |      0 |    168 |     13 |   2 |  235.5 |
       Dungeon |    471 |    471 |      0 |    168 |     13 |   2 |  235.5 |
               +--------+--------+--------+--------+--------+-----+--------+

Top non-repeatable levels by time:
     D:4: 409 daAuts
     D:5: 61 daAuts
